 Dungeon Crawl Stone Soup version 0.22-a0-553-g9358b0b (webtiles) character file.

206 kae the Insei (level 5, -1/38 HPs)
             Began as a Demonspawn Transmuter on June 25, 2018.
             Slain by Grinder (5 damage)
             ... while paralysed by Grinder
             ... on level 3 of the Dungeon.
             The game lasted 00:02:56 (2392 turns).

kae the Insei (Demonspawn Transmuter)               Turns: 2392, Time: 00:02:57

Health: -1/38      AC:  2    Str: 15    XL:     5   Next: 53%
Magic:  7/9        EV:  5    Int: 14    God:
Gold:   136        SH:  0    Dex: 20    Spells: 3/9 levels left

rFire    . . .     SeeInvis .     - Unarmed
rCold    . . .     Gourm    .   (shield currently unavailable)
rNeg     . . .     Faith    .   (armour currently unavailable)
rPois    x         Spirit   .   (helmet currently unavailable)
rElec    .         Reflect  .   (cloak currently unavailable)
rCorr    .         Harm     .   (gloves currently unavailable)
MR       .....                  (boots currently unavailable)
Stlth    ++........             (no amulet)
HPRegen  0.12/turn              (no ring)
MPRegen  0.11/turn              (no ring)

@: paralysed, mighty, spider-form (expiring)
A: tiny
a: End Transformation


You were on level 3 of the Dungeon.
You were very hungry.
You were a venomous arachnid creature.
You visited 1 branch of the dungeon, and saw 3 of its levels.

You collected 136 gold pieces.

Inventory:

Missiles
 a - 49 arrows
Armour
 f - a +0 leather armour (melded)
Scrolls
 e - a scroll of teleportation
 j - 3 scrolls of magic mapping
Potions
 i - a potion of flight
 n - a potion of curing {unknown}
 p - 2 potions of heal wounds
Comestibles
 d - 9 rations


   Skills:
 + Level 2.2 Fighting
 - Level 1.7 Dodging
 * Level 4.0 Unarmed Combat
 + Level 2.7 Spellcasting
 * Level 3.3 Transmutations


You had 3 spell levels left.
You knew the following spells:

 Your Spells              Type           Power        Failure   Level  Hunger
a - Beastly Appendage     Tmut           ##....       16%         1    #......
b - Sticks to Snakes      Tmut           ##......     22%         2    ###....
c - Spider Form           Tmut/Pois      #.........   54%         3    ###....

Your spell library contained the following spells:

 Spells                   Type           Power        Failure   Level  Hunger
 Blade Hands              Tmut           ##........   94%         5    ######.
 Ice Form                 Ice/Tmut       #.......     88%         4    #####..


Dungeon Overview and Level Annotations

Branches:
Dungeon (3/15)

Altars:

Annotations:
D:3 Grinder


Innate Abilities, Weirdness & Mutations

((You have large cloven feet.))
((You are partially covered in thin metallic scales. (AC +2)))


Message History

There is a stone staircase leading up here.
Unknown command.
Grinder gestures at you. Pain shoots through your body!
Your transformation is almost over.
Grinder gestures at you. Pain shoots through your body!
You hit Grinder.
Grinder is lightly wounded.
Grinder gestures at you. Pain shoots through your body!
* * * LOW HITPOINT WARNING * * *
You barely miss Grinder.
Grinder is lightly wounded.
Grinder gestures at you.
You suddenly lose the ability to move!
Grinder gestures at you.
You barely resist. Grinder hits you.
You die...

..
##..........##..##.(######
####.........####.###.##
.............# #.....#
##†..........# #..####
...##..##...## ..#
.####......## ##.#
.........#..####<.#
###...........#...#####
.....####..#....s.....#
...### ##......5...%.#
...# #..#.........# ...#
##.###.###...# ...# ..>
..># #.... ...# ........#
.... ...# .... ....# ...
#### ###### ..


You could see Grinder.

Vanquished Creatures
  A scorpion (D:3)
  A crimson imp (D:2)
  Jessica (D:2)
  4 adders
  An ooze (D:3)
  2 dart slugs
  2 leopard geckos
  An orc (D:2)
  6 bats
  5 giant cockroaches
  6 hobgoblins
  6 jackals
  3 frilled lizards
  4 goblins (D:1)
  7 kobolds
  5 rats
55 creatures vanquished.

Vanquished Creatures (collateral kills)
  A dart slug (D:2)
  2 jackals (D:3)
  A kobold (D:2)
4 creatures vanquished.

Grand Total: 59 creatures vanquished

Notes
Turn   | Place    | Note
-------+----------+-------------------------------------------
     0 | D:1      | kae the Demonspawn Transmuter began the quest for the Orb.
     0 | D:1      | Reached XP level 1. HP: 15/15 MP: 3/3
   247 | D:1      | Gained mutation: You are partially covered in thin metallic scales. (AC +2) [demonic ancestry]
   247 | D:1      | Reached XP level 2. HP: 19/21 MP: 5/5
   327 | D:1      | Reached skill level 3 in Unarmed Combat
   954 | D:2      | Reached XP level 3. HP: 22/26 MP: 4/6
   974 | D:2      | Noticed Jessica
   982 | D:2      | Killed Jessica
   988 | D:2      | Learned a level 2 spell: Sticks to Snakes
   992 | D:2      | Learned a level 3 spell: Spider Form
  1057 | D:2      | HP: 1/26 [poisoned by an adder]
  1071 | D:2      | Reached XP level 4. HP: 30/32 MP: 7/7
  1863 | D:3      | Noticed Grinder
  1909 | D:3      | Gained mutation: You have large cloven feet. [demonic ancestry]
  1909 | D:3      | Reached XP level 5. HP: 38/38 MP: 6/8
  2125 | D:3      | Reached skill level 4 in Unarmed Combat
  2268 | D:3      | Paralysed by Grinder for 6 turns
  2390 | D:3      | Paralysed by Grinder for 3 turns
  2392 | D:3      | Slain by Grinder

Vault maps used:
D:1:      dpeg_arrival_rooms_a
D:2:      first_ration, uniq_jessica
D:3:      uniq_grinder

Skill      XL: |  1  2  3  4  5 |
---------------+----------------+-----
Transmutations | 2 3 |  3.3
Unarmed Combat | 3 4 |  4.0
Fighting       | 2 |  2.2
Dodging        | |  1.7
Spellcasting   | |  2.7

Action                   |  1- 3 |  4- 6 || total
-------------------------+-------+-------++-------
Melee: Unarmed           |   138 |   134 ||   272
       Headbutt          |     1 |     4 ||     5
       Punch             |     1 |     1 ||     2
       Kick              |       |     9 ||     9
 Cast: Beastly Appendage |     6 |     5 ||    11
       Sticks to Snakes  |     2 |     3 ||     5
       Spider Form       |       |     3 ||     3
  Use: Potion            |     3 |     3 ||     6
       Scroll            |       |     7 ||     7
 Stab: Sleeping          |       |     1 ||     1
  Eat: Chunk             |       |     5 ||     5
Armor: Robe              |     8 |       ||     8
       Leather armour    |    43 |    44 ||    87
Dodge: Dodged            |    99 |    96 ||   195

Table legend:
 A = Spawn XP
 B = Non-spawn XP
 C = Spawn XP percentage of total XP
 D = Spawn monster count
 E = Non-spawn monster count
 F = Spawn count percentage of total count
 G = Total turns spent on level
                    A         B        C        D         E        F      G
               +---------+---------+-------+---------+---------+-------+---------
         Total |       0 |     295 |   0.0 |       0 |      59 |   0.0 |  2392
               +---------+---------+-------+---------+---------+-------+---------
           D:1 |       0 |      38 |   0.0 |       0 |      23 |   0.0 |   943
           D:2 |       0 |     153 |   0.0 |       0 |      25 |   0.0 |  1062
           D:3 |       0 |     104 |   0.0 |       0 |      11 |   0.0 |   387
               +---------+---------+-------+---------+---------+-------+---------
